Workbook

Sheet Start here
A1: Net Worth Tracker
A2: Version 1.0 (23 Oct 2026) | Free template from BeCoin: https://becoin.net/templates/net-worth-tracker
A4: What this workbook does
A5: Record what you own (assets) and what you owe (liabilities) once a month. Net worth = total assets - total liabilities.
A6: It shows month-over-month change, 12-month change, your savings rate and a chart of the trend.
A8: Tabs
A9: Monthly - 36 monthly rows (3 years) with 7 asset and 5 liability categories, plus income and spending. Empty.
A10: Dashboard - latest net worth, changes, savings rate, latest balances by category and a line chart.
A11: Example Monthly / Example Dashboard - the same tabs filled with 13 months of fictional data.
A13: How to use it
A14: 1. Pick one day each month (for example the 1st) and use balances from that day every time.
A15: 2. On Monthly, type your first month in A5. The next months fill in automatically.
... A32: Lavender cells = formulas. Do not type over them.

Sheet Monthly
A1: Monthly snapshots
A2: Type the first month in A5 (any day of the month). Fill one row per month, top to bottom, with balances on the same day each month.
A4: Month | B4: Cash & checking | C4: Savings & emergency fund | D4: Brokerage / investments | E4: Retirement accounts | F4: Home (est. market value) | G4: Vehicles (est. resale value) | H4: Other assets | I4: Total assets | J4: Mortgage | K4: Auto loans | L4: Student loans | M4: Credit cards (statement balance) | N4: Other debts | O4: Total liabilities | P4: Net worth | Q4: Change vs last month $ | R4: Change vs last month % | S4: Take-home income | T4: Spending | U4: Saved | V4: Savings rate | X4: Chart: assets | Y4: Chart: liabilities | Z4: Chart: net worth
I5: =IF(COUNT(B5:H5)=0,"",SUM(B5:H5)) | O5: =IF(COUNT(J5:N5)=0,"",SUM(J5:N5)) | P5: =IF(AND(I5="",O5=""),"",N(I5)-N(O5)) | Q5: ="" | R5: ="" | U5: =IF(S5="","",S5-N(T5)) | V5: =IF(OR(S5="",N(S5)=0),"",U5/S5) | X5: =IF(I5="",NA(),I5) | Y5: =IF(O5="",NA(),O5) | Z5: =IF(P5="",NA(),P5)
A6: =IF($A$5="","",EDATE(A5,1)) | I6: =IF(COUNT(B6:H6)=0,"",SUM(B6:H6)) | O6: =IF(COUNT(J6:N6)=0,"",SUM(J6:N6)) | P6: =IF(AND(I6="",O6=""),"",N(I6)-N(O6)) | Q6: =IF(OR(P6="",P5=""),"",P6-P5) | R6: =IF(Q6="","",IF(P5=0,"",Q6/ABS(P5))) | U6: =IF(S6="","",S6-N(T6)) | V6: =IF(OR(S6="",N(S6)=0),"",U6/S6) | X6: =IF(I6="",NA(),I6) | Y6: =IF(O6="",NA(),O6) | Z6: =IF(P6="",NA(),P6)
A7: =IF($A$5="","",EDATE(A6,1)) | I7: =IF(COUNT(B7:H7)=0,"",SUM(B7:H7)) | O7: =IF(COUNT(J7:N7)=0,"",SUM(J7:N7)) | P7: =IF(AND(I7="",O7=""),"",N(I7)-N(O7)) | Q7: =IF(OR(P7="",P6=""),"",P7-P6) | R7: =IF(Q7="","",IF(P6=0,"",Q7/ABS(P6))) | U7: =IF(S7="","",S7-N(T7)) | V7: =IF(OR(S7="",N(S7)=0),"",U7/S7) | X7: =IF(I7="",NA(),I7) | Y7: =IF(O7="",NA(),O7) | Z7: =IF(P7="",NA(),P7)
A8: =IF($A$5="","",EDATE(A7,1)) | I8: =IF(COUNT(B8:H8)=0,"",SUM(B8:H8)) | O8: =IF(COUNT(J8:N8)=0,"",SUM(J8:N8)) | P8: =IF(AND(I8="",O8=""),"",N(I8)-N(O8)) | Q8: =IF(OR(P8="",P7=""),"",P8-P7) | R8: =IF(Q8="","",IF(P7=0,"",Q8/ABS(P7))) | U8: =IF(S8="","",S8-N(T8)) | V8: =IF(OR(S8="",N(S8)=0),"",U8/S8) | X8: =IF(I8="",NA(),I8) | Y8: =IF(O8="",NA(),O8) | Z8: =IF(P8="",NA(),P8)
A9: =IF($A$5="","",EDATE(A8,1)) | I9: =IF(COUNT(B9:H9)=0,"",SUM(B9:H9)) | O9: =IF(COUNT(J9:N9)=0,"",SUM(J9:N9)) | P9: =IF(AND(I9="",O9=""),"",N(I9)-N(O9)) | Q9: =IF(OR(P9="",P8=""),"",P9-P8) | R9: =IF(Q9="","",IF(P8=0,"",Q9/ABS(P8))) | U9: =IF(S9="","",S9-N(T9)) | V9: =IF(OR(S9="",N(S9)=0),"",U9/S9) | X9: =IF(I9="",NA(),I9) | Y9: =IF(O9="",NA(),O9) | Z9: =IF(P9="",NA(),P9)
A10: =IF($A$5="","",EDATE(A9,1)) | I10: =IF(COUNT(B10:H10)=0,"",SUM(B10:H10)) | O10: =IF(COUNT(J10:N10)=0,"",SUM(J10:N10)) | P10: =IF(AND(I10="",O10=""),"",N(I10)-N(O10)) | Q10: =IF(OR(P10="",P9=""),"",P10-P9) | R10: =IF(Q10="","",IF(P9=0,"",Q10/ABS(P9))) | U10: =IF(S10="","",S10-N(T10)) | V10: =IF(OR(S10="",N(S10)=0),"",U10/S10) | X10: =IF(I10="",NA(),I10) | Y10: =IF(O10="",NA(),O10) | Z10: =IF(P10="",NA(),P10)
A11: =IF($A$5="","",EDATE(A10,1)) | I11: =IF(COUNT(B11:H11)=0,"",SUM(B11:H11)) | O11: =IF(COUNT(J11:N11)=0,"",SUM(J11:N11)) | P11: =IF(AND(I11="",O11=""),"",N(I11)-N(O11)) | Q11: =IF(OR(P11="",P10=""),"",P11-P10) | R11: =IF(Q11="","",IF(P10=0,"",Q11/ABS(P10))) | U11: =IF(S11="","",S11-N(T11)) | V11: =IF(OR(S11="",N(S11)=0),"",U11/S11) | X11: =IF(I11="",NA(),I11) | Y11: =IF(O11="",NA(),O11) | Z11: =IF(P11="",NA(),P11)
A12: =IF($A$5="","",EDATE(A11,1)) | I12: =IF(COUNT(B12:H12)=0,"",SUM(B12:H12)) | O12: =IF(COUNT(J12:N12)=0,"",SUM(J12:N12)) | P12: =IF(AND(I12="",O12=""),"",N(I12)-N(O12)) | Q12: =IF(OR(P12="",P11=""),"",P12-P11) | R12: =IF(Q12="","",IF(P11=0,"",Q12/ABS(P11))) | U12: =IF(S12="","",S12-N(T12)) | V12: =IF(OR(S12="",N(S12)=0),"",U12/S12) | X12: =IF(I12="",NA(),I12) | Y12: =IF(O12="",NA(),O12) | Z12: =IF(P12="",NA(),P12)
A13: =IF($A$5="","",EDATE(A12,1)) | I13: =IF(COUNT(B13:H13)=0,"",SUM(B13:H13)) | O13: =IF(COUNT(J13:N13)=0,"",SUM(J13:N13)) | P13: =IF(AND(I13="",O13=""),"",N(I13)-N(O13)) | Q13: =IF(OR(P13="",P12=""),"",P13-P12) | R13: =IF(Q13="","",IF(P12=0,"",Q13/ABS(P12))) | U13: =IF(S13="","",S13-N(T13)) | V13: =IF(OR(S13="",N(S13)=0),"",U13/S13) | X13: =IF(I13="",NA(),I13) | Y13: =IF(O13="",NA(),O13) | Z13: =IF(P13="",NA(),P13)
A14: =IF($A$5="","",EDATE(A13,1)) | I14: =IF(COUNT(B14:H14)=0,"",SUM(B14:H14)) | O14: =IF(COUNT(J14:N14)=0,"",SUM(J14:N14)) | P14: =IF(AND(I14="",O14=""),"",N(I14)-N(O14)) | Q14: =IF(OR(P14="",P13=""),"",P14-P13) | R14: =IF(Q14="","",IF(P13=0,"",Q14/ABS(P13))) | U14: =IF(S14="","",S14-N(T14)) | V14: =IF(OR(S14="",N(S14)=0),"",U14/S14) | X14: =IF(I14="",NA(),I14) | Y14: =IF(O14="",NA(),O14) | Z14: =IF(P14="",NA(),P14)
A15: =IF($A$5="","",EDATE(A14,1)) | I15: =IF(COUNT(B15:H15)=0,"",SUM(B15:H15)) | O15: =IF(COUNT(J15:N15)=0,"",SUM(J15:N15)) | P15: =IF(AND(I15="",O15=""),"",N(I15)-N(O15)) | Q15: =IF(OR(P15="",P14=""),"",P15-P14) | R15: =IF(Q15="","",IF(P14=0,"",Q15/ABS(P14))) | U15: =IF(S15="","",S15-N(T15)) | V15: =IF(OR(S15="",N(S15)=0),"",U15/S15) | X15: =IF(I15="",NA(),I15) | Y15: =IF(O15="",NA(),O15) | Z15: =IF(P15="",NA(),P15)
A16: =IF($A$5="","",EDATE(A15,1)) | I16: =IF(COUNT(B16:H16)=0,"",SUM(B16:H16)) | O16: =IF(COUNT(J16:N16)=0,"",SUM(J16:N16)) | P16: =IF(AND(I16="",O16=""),"",N(I16)-N(O16)) | Q16: =IF(OR(P16="",P15=""),"",P16-P15) | R16: =IF(Q16="","",IF(P15=0,"",Q16/ABS(P15))) | U16: =IF(S16="","",S16-N(T16)) | V16: =IF(OR(S16="",N(S16)=0),"",U16/S16) | X16: =IF(I16="",NA(),I16) | Y16: =IF(O16="",NA(),O16) | Z16: =IF(P16="",NA(),P16)
A17: =IF($A$5="","",EDATE(A16,1)) | I17: =IF(COUNT(B17:H17)=0,"",SUM(B17:H17)) | O17: =IF(COUNT(J17:N17)=0,"",SUM(J17:N17)) | P17: =IF(AND(I17="",O17=""),"",N(I17)-N(O17)) | Q17: =IF(OR(P17="",P16=""),"",P17-P16) | R17: =IF(Q17="","",IF(P16=0,"",Q17/ABS(P16))) | U17: =IF(S17="","",S17-N(T17)) | V17: =IF(OR(S17="",N(S17)=0),"",U17/S17) | X17: =IF(I17="",NA(),I17) | Y17: =IF(O17="",NA(),O17) | Z17: =IF(P17="",NA(),P17)
... A40: =IF($A$5="","",EDATE(A39,1)) | I40: =IF(COUNT(B40:H40)=0,"",SUM(B40:H40)) | O40: =IF(COUNT(J40:N40)=0,"",SUM(J40:N40)) | P40: =IF(AND(I40="",O40=""),"",N(I40)-N(O40)) | Q40: =IF(OR(P40="",P39=""),"",P40-P39) | R40: =IF(Q40="","",IF(P39=0,"",Q40/ABS(P39))) | U40: =IF(S40="","",S40-N(T40)) | V40: =IF(OR(S40="",N(S40)=0),"",U40/S40) | X40: =IF(I40="",NA(),I40) | Y40: =IF(O40="",NA(),O40) | Z40: =IF(P40="",NA(),P40)
A42: Chart helper columns X-Z show #N/A on empty months on purpose, so the chart skips them. Do not delete them.

Sheet Dashboard
A1: Dashboard
A2: Reads the most recent filled month (fill months top to bottom without gaps).
A3: Months filled | B3: =COUNT(Monthly!P5:P40)
A4: Summary | B4: Value
A5: Latest month | B5: =IF($B$3=0,"",INDEX(Monthly!A5:A40,$B$3))
A6: Latest net worth | B6: =IF($B$3=0,"",INDEX(Monthly!P5:P40,$B$3))
A7: Total assets (latest) | B7: =IF($B$3=0,"",INDEX(Monthly!I5:I40,$B$3))
A8: Total liabilities (latest) | B8: =IF($B$3=0,"",INDEX(Monthly!O5:O40,$B$3))
A9: Debt-to-asset ratio (latest) | B9: =IF(N(B7)>0,N(B8)/B7,"")
A10: Change vs last month $ | B10: =IF($B$3<2,"",INDEX(Monthly!Q5:Q40,$B$3))
A11: Change over last 12 months $ | B11: =IF($B$3<13,"needs 13 months",INDEX(Monthly!P5:P40,$B$3)-INDEX(Monthly!P5:P40,$B$3-12))
A12: Change since first month $ | B12: =IF($B$3=0,"",INDEX(Monthly!P5:P40,$B$3)-Monthly!P5)
A13: Average monthly change $ | B13: =IF($B$3<2,"",(INDEX(Monthly!P5:P40,$B$3)-Monthly!P5)/($B$3-1))
A14: Savings rate (all filled months) | B14: =IF(SUM(Monthly!S5:S40)>0,SUM(Monthly!U5:U40)/SUM(Monthly!S5:S40),"")
A15: Total saved (all filled months) | B15: =SUM(Monthly!U5:U40)
A17: Latest month by category | B17: Balance
A18: Asset: Cash & checking | B18: =IF($B$3=0,"",INDEX(Monthly!B5:B40,$B$3))
A19: Asset: Savings & emergency fund | B19: =IF($B$3=0,"",INDEX(Monthly!C5:C40,$B$3))
A20: Asset: Brokerage / investments | B20: =IF($B$3=0,"",INDEX(Monthly!D5:D40,$B$3))
A21: Asset: Retirement accounts | B21: =IF($B$3=0,"",INDEX(Monthly!E5:E40,$B$3))
A22: Asset: Home (est. market value) | B22: =IF($B$3=0,"",INDEX(Monthly!F5:F40,$B$3))
A23: Asset: Vehicles (est. resale value) | B23: =IF($B$3=0,"",INDEX(Monthly!G5:G40,$B$3))
A24: Asset: Other assets | B24: =IF($B$3=0,"",INDEX(Monthly!H5:H40,$B$3))
A25: Liability: Mortgage | B25: =IF($B$3=0,"",INDEX(Monthly!J5:J40,$B$3))
A26: Liability: Auto loans | B26: =IF($B$3=0,"",INDEX(Monthly!K5:K40,$B$3))
A27: Liability: Student loans | B27: =IF($B$3=0,"",INDEX(Monthly!L5:L40,$B$3))
A28: Liability: Credit cards (statement balance) | B28: =IF($B$3=0,"",INDEX(Monthly!M5:M40,$B$3))
A29: Liability: Other debts | B29: =IF($B$3=0,"",INDEX(Monthly!N5:N40,$B$3))

Sheet Example Monthly
A1: Monthly snapshots (EXAMPLE - fictional data)
A2: Type the first month in A5 (any day of the month). Fill one row per month, top to bottom, with balances on the same day each month.
A4: Month | B4: Cash & checking | C4: Savings & emergency fund | D4: Brokerage / investments | E4: Retirement accounts | F4: Home (est. market value) | G4: Vehicles (est. resale value) | H4: Other assets | I4: Total assets | J4: Mortgage | K4: Auto loans | L4: Student loans | M4: Credit cards (statement balance) | N4: Other debts | O4: Total liabilities | P4: Net worth | Q4: Change vs last month $ | R4: Change vs last month % | S4: Take-home income | T4: Spending | U4: Saved | V4: Savings rate | X4: Chart: assets | Y4: Chart: liabilities | Z4: Chart: net worth
A5: 45931 | B5: 3200 | C5: 8000 | D5: 15000 | E5: 32000 | F5: 310000 | G5: 14000 | H5: 2000 | I5: =IF(COUNT(B5:H5)=0,"",SUM(B5:H5)) | J5: 245000 | K5: 9500 | L5: 18000 | M5: 1200 | N5: 0 | O5: =IF(COUNT(J5:N5)=0,"",SUM(J5:N5)) | P5: =IF(AND(I5="",O5=""),"",N(I5)-N(O5)) | Q5: ="" | R5: ="" | S5: 5400 | T5: 4100 | U5: =IF(S5="","",S5-N(T5)) | V5: =IF(OR(S5="",N(S5)=0),"",U5/S5) | X5: =IF(I5="",NA(),I5) | Y5: =IF(O5="",NA(),O5) | Z5: =IF(P5="",NA(),P5)
A6: =IF($A$5="","",EDATE(A5,1)) | B6: 2950 | C6: 8450 | D6: 15400 | E6: 32950 | F6: 310000 | G6: 13850 | H6: 2000 | I6: =IF(COUNT(B6:H6)=0,"",SUM(B6:H6)) | J6: 244358 | K6: 9170 | L6: 17750 | M6: 980 | N6: 0 | O6: =IF(COUNT(J6:N6)=0,"",SUM(J6:N6)) | P6: =IF(AND(I6="",O6=""),"",N(I6)-N(O6)) | Q6: =IF(OR(P6="",P5=""),"",P6-P5) | R6: =IF(Q6="","",IF(P5=0,"",Q6/ABS(P5))) | S6: 5400 | T6: 4350 | U6: =IF(S6="","",S6-N(T6)) | V6: =IF(OR(S6="",N(S6)=0),"",U6/S6) | X6: =IF(I6="",NA(),I6) | Y6: =IF(O6="",NA(),O6) | Z6: =IF(P6="",NA(),P6)
A7: =IF($A$5="","",EDATE(A6,1)) | B7: 3400 | C7: 8900 | D7: 14800 | E7: 32900 | F7: 310000 | G7: 13700 | H7: 2000 | I7: =IF(COUNT(B7:H7)=0,"",SUM(B7:H7)) | J7: 243712 | K7: 8840 | L7: 17500 | M7: 1450 | N7: 0 | O7: =IF(COUNT(J7:N7)=0,"",SUM(J7:N7)) | P7: =IF(AND(I7="",O7=""),"",N(I7)-N(O7)) | Q7: =IF(OR(P7="",P6=""),"",P7-P6) | R7: =IF(Q7="","",IF(P6=0,"",Q7/ABS(P6))) | S7: 5400 | T7: 4650 | U7: =IF(S7="","",S7-N(T7)) | V7: =IF(OR(S7="",N(S7)=0),"",U7/S7) | X7: =IF(I7="",NA(),I7) | Y7: =IF(O7="",NA(),O7) | Z7: =IF(P7="",NA(),P7)
A8: =IF($A$5="","",EDATE(A7,1)) | B8: 3100 | C8: 9350 | D8: 15900 | E8: 34450 | F8: 312000 | G8: 13550 | H8: 2000 | I8: =IF(COUNT(B8:H8)=0,"",SUM(B8:H8)) | J8: 243062 | K8: 8510 | L8: 17250 | M8: 870 | N8: 0 | O8: =IF(COUNT(J8:N8)=0,"",SUM(J8:N8)) | P8: =IF(AND(I8="",O8=""),"",N(I8)-N(O8)) | Q8: =IF(OR(P8="",P7=""),"",P8-P7) | R8: =IF(Q8="","",IF(P7=0,"",Q8/ABS(P7))) | S8: 5400 | T8: 3950 | U8: =IF(S8="","",S8-N(T8)) | V8: =IF(OR(S8="",N(S8)=0),"",U8/S8) | X8: =IF(I8="",NA(),I8) | Y8: =IF(O8="",NA(),O8) | Z8: =IF(P8="",NA(),P8)
A9: =IF($A$5="","",EDATE(A8,1)) | B9: 3350 | C9: 9800 | D9: 16300 | E9: 35300 | F9: 312000 | G9: 13400 | H9: 2000 | I9: =IF(COUNT(B9:H9)=0,"",SUM(B9:H9)) | J9: 242408 | K9: 8180 | L9: 17000 | M9: 1100 | N9: 0 | O9: =IF(COUNT(J9:N9)=0,"",SUM(J9:N9)) | P9: =IF(AND(I9="",O9=""),"",N(I9)-N(O9)) | Q9: =IF(OR(P9="",P8=""),"",P9-P8) | R9: =IF(Q9="","",IF(P8=0,"",Q9/ABS(P8))) | S9: 5400 | T9: 4200 | U9: =IF(S9="","",S9-N(T9)) | V9: =IF(OR(S9="",N(S9)=0),"",U9/S9) | X9: =IF(I9="",NA(),I9) | Y9: =IF(O9="",NA(),O9) | Z9: =IF(P9="",NA(),P9)
A10: =IF($A$5="","",EDATE(A9,1)) | B10: 2900 | C10: 10250 | D10: 15600 | E10: 35350 | F10: 312000 | G10: 13250 | H10: 2000 | I10: =IF(COUNT(B10:H10)=0,"",SUM(B10:H10)) | J10: 241750 | K10: 7850 | L10: 16750 | M10: 1320 | N10: 0 | O10: =IF(COUNT(J10:N10)=0,"",SUM(J10:N10)) | P10: =IF(AND(I10="",O10=""),"",N(I10)-N(O10)) | Q10: =IF(OR(P10="",P9=""),"",P10-P9) | R10: =IF(Q10="","",IF(P9=0,"",Q10/ABS(P9))) | S10: 5400 | T10: 4500 | U10: =IF(S10="","",S10-N(T10)) | V10: =IF(OR(S10="",N(S10)=0),"",U10/S10) | X10: =IF(I10="",NA(),I10) | Y10: =IF(O10="",NA(),O10) | Z10: =IF(P10="",NA(),P10)
A11: =IF($A$5="","",EDATE(A10,1)) | B11: 3600 | C11: 10700 | D11: 16900 | E11: 36800 | F11: 315000 | G11: 13100 | H11: 2000 | I11: =IF(COUNT(B11:H11)=0,"",SUM(B11:H11)) | J11: 241088 | K11: 7520 | L11: 16500 | M11: 940 | N11: 0 | O11: =IF(COUNT(J11:N11)=0,"",SUM(J11:N11)) | P11: =IF(AND(I11="",O11=""),"",N(I11)-N(O11)) | Q11: =IF(OR(P11="",P10=""),"",P11-P10) | R11: =IF(Q11="","",IF(P10=0,"",Q11/ABS(P10))) | S11: 5900 | T11: 4050 | U11: =IF(S11="","",S11-N(T11)) | V11: =IF(OR(S11="",N(S11)=0),"",U11/S11) | X11: =IF(I11="",NA(),I11) | Y11: =IF(O11="",NA(),O11) | Z11: =IF(P11="",NA(),P11)
A12: =IF($A$5="","",EDATE(A11,1)) | B12: 3250 | C12: 11150 | D12: 17400 | E12: 37650 | F12: 315000 | G12: 12950 | H12: 2000 | I12: =IF(COUNT(B12:H12)=0,"",SUM(B12:H12)) | J12: 240422 | K12: 7190 | L12: 16250 | M12: 1180 | N12: 0 | O12: =IF(COUNT(J12:N12)=0,"",SUM(J12:N12)) | P12: =IF(AND(I12="",O12=""),"",N(I12)-N(O12)) | Q12: =IF(OR(P12="",P11=""),"",P12-P11) | R12: =IF(Q12="","",IF(P11=0,"",Q12/ABS(P11))) | S12: 5400 | T12: 4300 | U12: =IF(S12="","",S12-N(T12)) | V12: =IF(OR(S12="",N(S12)=0),"",U12/S12) | X12: =IF(I12="",NA(),I12) | Y12: =IF(O12="",NA(),O12) | Z12: =IF(P12="",NA(),P12)
A13: =IF($A$5="","",EDATE(A12,1)) | B13: 3050 | C13: 11600 | D13: 17100 | E13: 38000 | F13: 315000 | G13: 12800 | H13: 2000 | I13: =IF(COUNT(B13:H13)=0,"",SUM(B13:H13)) | J13: 239752 | K13: 6860 | L13: 16000 | M13: 1050 | N13: 0 | O13: =IF(COUNT(J13:N13)=0,"",SUM(J13:N13)) | P13: =IF(AND(I13="",O13=""),"",N(I13)-N(O13)) | Q13: =IF(OR(P13="",P12=""),"",P13-P12) | R13: =IF(Q13="","",IF(P12=0,"",Q13/ABS(P12))) | S13: 5400 | T13: 4400 | U13: =IF(S13="","",S13-N(T13)) | V13: =IF(OR(S13="",N(S13)=0),"",U13/S13) | X13: =IF(I13="",NA(),I13) | Y13: =IF(O13="",NA(),O13) | Z13: =IF(P13="",NA(),P13)
A14: =IF($A$5="","",EDATE(A13,1)) | B14: 3500 | C14: 12050 | D14: 18200 | E14: 39250 | F14: 318000 | G14: 12650 | H14: 2000 | I14: =IF(COUNT(B14:H14)=0,"",SUM(B14:H14)) | J14: 239078 | K14: 6530 | L14: 15750 | M14: 1400 | N14: 0 | O14: =IF(COUNT(J14:N14)=0,"",SUM(J14:N14)) | P14: =IF(AND(I14="",O14=""),"",N(I14)-N(O14)) | Q14: =IF(OR(P14="",P13=""),"",P14-P13) | R14: =IF(Q14="","",IF(P13=0,"",Q14/ABS(P13))) | S14: 5400 | T14: 4150 | U14: =IF(S14="","",S14-N(T14)) | V14: =IF(OR(S14="",N(S14)=0),"",U14/S14) | X14: =IF(I14="",NA(),I14) | Y14: =IF(O14="",NA(),O14) | Z14: =IF(P14="",NA(),P14)
A15: =IF($A$5="","",EDATE(A14,1)) | B15: 3300 | C15: 12500 | D15: 18900 | E15: 40200 | F15: 318000 | G15: 12500 | H15: 2000 | I15: =IF(COUNT(B15:H15)=0,"",SUM(B15:H15)) | J15: 238400 | K15: 6200 | L15: 15500 | M15: 900 | N15: 0 | O15: =IF(COUNT(J15:N15)=0,"",SUM(J15:N15)) | P15: =IF(AND(I15="",O15=""),"",N(I15)-N(O15)) | Q15: =IF(OR(P15="",P14=""),"",P15-P14) | R15: =IF(Q15="","",IF(P14=0,"",Q15/ABS(P14))) | S15: 5400 | T15: 4250 | U15: =IF(S15="","",S15-N(T15)) | V15: =IF(OR(S15="",N(S15)=0),"",U15/S15) | X15: =IF(I15="",NA(),I15) | Y15: =IF(O15="",NA(),O15) | Z15: =IF(P15="",NA(),P15)
A16: =IF($A$5="","",EDATE(A15,1)) | B16: 3150 | C16: 12950 | D16: 18400 | E16: 40650 | F16: 318000 | G16: 12350 | H16: 2000 | I16: =IF(COUNT(B16:H16)=0,"",SUM(B16:H16)) | J16: 237718 | K16: 5870 | L16: 15250 | M16: 1250 | N16: 0 | O16: =IF(COUNT(J16:N16)=0,"",SUM(J16:N16)) | P16: =IF(AND(I16="",O16=""),"",N(I16)-N(O16)) | Q16: =IF(OR(P16="",P15=""),"",P16-P15) | R16: =IF(Q16="","",IF(P15=0,"",Q16/ABS(P15))) | S16: 5400 | T16: 4600 | U16: =IF(S16="","",S16-N(T16)) | V16: =IF(OR(S16="",N(S16)=0),"",U16/S16) | X16: =IF(I16="",NA(),I16) | Y16: =IF(O16="",NA(),O16) | Z16: =IF(P16="",NA(),P16)
A17: =IF($A$5="","",EDATE(A16,1)) | B17: 3450 | C17: 13400 | D17: 19300 | E17: 41800 | F17: 318000 | G17: 12200 | H17: 2000 | I17: =IF(COUNT(B17:H17)=0,"",SUM(B17:H17)) | J17: 237032 | K17: 5540 | L17: 15000 | M17: 1010 | N17: 0 | O17: =IF(COUNT(J17:N17)=0,"",SUM(J17:N17)) | P17: =IF(AND(I17="",O17=""),"",N(I17)-N(O17)) | Q17: =IF(OR(P17="",P16=""),"",P17-P16) | R17: =IF(Q17="","",IF(P16=0,"",Q17/ABS(P16))) | S17: 5400 | T17: 4000 | U17: =IF(S17="","",S17-N(T17)) | V17: =IF(OR(S17="",N(S17)=0),"",U17/S17) | X17: =IF(I17="",NA(),I17) | Y17: =IF(O17="",NA(),O17) | Z17: =IF(P17="",NA(),P17)
A19: Chart helper columns X-Z feed the chart. Do not delete them.

Sheet Example Dashboard
A1: Dashboard (EXAMPLE - fictional data)
A2: Reads the most recent filled month (fill months top to bottom without gaps).
A3: Months filled | B3: =COUNT('Example Monthly'!P5:P17)
A4: Summary | B4: Value
A5: Latest month | B5: =IF($B$3=0,"",INDEX('Example Monthly'!A5:A17,$B$3))
A6: Latest net worth | B6: =IF($B$3=0,"",INDEX('Example Monthly'!P5:P17,$B$3))
A7: Total assets (latest) | B7: =IF($B$3=0,"",INDEX('Example Monthly'!I5:I17,$B$3))
A8: Total liabilities (latest) | B8: =IF($B$3=0,"",INDEX('Example Monthly'!O5:O17,$B$3))
A9: Debt-to-asset ratio (latest) | B9: =IF(N(B7)>0,N(B8)/B7,"")
A10: Change vs last month $ | B10: =IF($B$3<2,"",INDEX('Example Monthly'!Q5:Q17,$B$3))
A11: Change over last 12 months $ | B11: =IF($B$3<13,"needs 13 months",INDEX('Example Monthly'!P5:P17,$B$3)-INDEX('Example Monthly'!P5:P17,$B$3-12))
A12: Change since first month $ | B12: =IF($B$3=0,"",INDEX('Example Monthly'!P5:P17,$B$3)-'Example Monthly'!P5)
A13: Average monthly change $ | B13: =IF($B$3<2,"",(INDEX('Example Monthly'!P5:P17,$B$3)-'Example Monthly'!P5)/($B$3-1))
A14: Savings rate (all filled months) | B14: =IF(SUM('Example Monthly'!S5:S17)>0,SUM('Example Monthly'!U5:U17)/SUM('Example Monthly'!S5:S17),"")
A15: Total saved (all filled months) | B15: =SUM('Example Monthly'!U5:U17)
A17: Latest month by category | B17: Balance
A18: Asset: Cash & checking | B18: =IF($B$3=0,"",INDEX('Example Monthly'!B5:B17,$B$3))
A19: Asset: Savings & emergency fund | B19: =IF($B$3=0,"",INDEX('Example Monthly'!C5:C17,$B$3))
A20: Asset: Brokerage / investments | B20: =IF($B$3=0,"",INDEX('Example Monthly'!D5:D17,$B$3))
A21: Asset: Retirement accounts | B21: =IF($B$3=0,"",INDEX('Example Monthly'!E5:E17,$B$3))
A22: Asset: Home (est. market value) | B22: =IF($B$3=0,"",INDEX('Example Monthly'!F5:F17,$B$3))
A23: Asset: Vehicles (est. resale value) | B23: =IF($B$3=0,"",INDEX('Example Monthly'!G5:G17,$B$3))
A24: Asset: Other assets | B24: =IF($B$3=0,"",INDEX('Example Monthly'!H5:H17,$B$3))
A25: Liability: Mortgage | B25: =IF($B$3=0,"",INDEX('Example Monthly'!J5:J17,$B$3))
A26: Liability: Auto loans | B26: =IF($B$3=0,"",INDEX('Example Monthly'!K5:K17,$B$3))
A27: Liability: Student loans | B27: =IF($B$3=0,"",INDEX('Example Monthly'!L5:L17,$B$3))
A28: Liability: Credit cards (statement balance) | B28: =IF($B$3=0,"",INDEX('Example Monthly'!M5:M17,$B$3))
A29: Liability: Other debts | B29: =IF($B$3=0,"",INDEX('Example Monthly'!N5:N17,$B$3))
